PCL
SPOKANE TRAPPERS @ HOUSTON HAMMERTIME
05/28/2026
 
TOP OF THE 1ST
Spokane Trappers batting - Pitching for Houston Hammertime : RHP Kevin Bader
Pitching: RHP Kevin Bader
Batting: RHB Tomás Carranza 0-0: Ball
1-0: Called Strike
1-1: Fly out, F8 (Flyball, 8RXD)
Batting: SHB Nick Cox 0-0: Ball
1-0: Swinging Strike
1-1: Ball
2-1: Foul Ball, location: 2F
2-2: Ball
3-2: Foul Ball, location: 2F
3-2: Strikes out swinging
Batting: LHB Héctor Rentería 0-0: Ground out 4-3 (Groundball, 4)
Top of the 1st over - 0 run(s), 0 hit(s), 0 error(s), 0 left on base; Spokane 0 - Houston 0
BOTTOM OF THE 1ST
Houston Hammertime batting - Pitching for Spokane Trappers : RHP Jae-hyun Ch'oe
Pitching: RHP Jae-hyun Ch'oe
Batting: LHB Bartolo Villanueva 0-0: Ball
1-0: Foul Ball, location: 2F
1-1: Foul Ball, location: 2F
1-2: Foul Ball, location: 2F
1-2: Strikes out swinging
Batting: RHB Pepe González 0-0: Ball
1-0: Foul Ball, location: 2F
1-1: Ball
2-1: Ground out 4-3 (Groundball, 4M)
Batting: SHB Cristo Ontiveros 0-0: Foul Ball, location: 2F
0-1: Called Strike
0-2: Foul Ball, location: 2F
0-2: Ball
1-2: Ball
2-2: Foul Ball, location: 2F
2-2: Ball
3-2: Fly out, F6 (Popup, 6D)
Bottom of the 1st over - 0 run(s), 0 hit(s), 0 error(s), 0 left on base; Spokane 0 - Houston 0
TOP OF THE 2ND
Spokane Trappers batting - Pitching for Houston Hammertime : RHP Kevin Bader
Batting: RHB Ramiro Ross 0-0: Foul Ball, location: 2F
0-1: Swinging Strike
0-2: DOUBLE (Flyball, 78XD)
Batting: RHB Chris Parker 0-0: Ball
1-0: Called Strike
1-1: Ball
2-1: Foul Ball, location: 2F
2-2: Foul Ball, location: 2F
2-2: Fly out, F3 (Popup, 3S)
Batting: RHB Keith Kirkpatrick 0-0: Ball
1-0: Ball
2-0: Ball
3-0: Base on Balls
Batting: LHB Jesús Ramírez 0-0: Grounds out, U3 (Groundball, 3L)
Ramiro Ross to third
Batting: RHB Jeremy Carr 0-0: Ball
1-0: Ball
2-0: Called Strike
2-1: Ball
3-1: Swinging Strike
3-2: Base on Balls
Batting: RHB Pedro Rodríguez 0-0: Called Strike
0-1: Ball
1-1: Foul Ball, location: 2F
1-2: Foul Ball, location: 2F
1-2: Strikes out swinging
Top of the 2nd over - 0 run(s), 1 hit(s), 0 error(s), 3 left on base; Spokane 0 - Houston 0
BOTTOM OF THE 2ND
Houston Hammertime batting - Pitching for Spokane Trappers : RHP Jae-hyun Ch'oe
Batting: RHB Mario Beltrán 0-0: Called Strike
0-1: Ball
1-1: Ball
2-1: Ball
3-1: Ground out 3-1 (Groundball, 34)
Batting: LHB Juan Cabañas 0-0: Called Strike
0-1: SINGLE (Groundball, 13) (infield hit)
Batting: RHB Richard Coker 0-0: Fly out, F5 (Line Drive, 5L)
Batting: RHB Rafael Torres 0-0: Ball
1-0: Called Strike
1-1: Ground out 4-3 (Groundball, 4)
Bottom of the 2nd over - 0 run(s), 1 hit(s), 0 error(s), 1 left on base; Spokane 0 - Houston 0
TOP OF THE 3RD
Spokane Trappers batting - Pitching for Houston Hammertime : RHP Kevin Bader
Batting: RHB Tomás Carranza 0-0: Ball
1-0: Bunted foul
1-1: Foul Ball, location: 2F
1-2: Strikes out swinging
Batting: SHB Nick Cox 0-0: Ball
1-0: Ball
2-0: Ball
3-0: Base on Balls
Batting: LHB Héctor Rentería 0-0: Ball
1-0: Ball
2-0: Fly out, F7 (Flyball, 7D)
Batting: RHB Ramiro Ross 0-0: Called Strike
0-1: Ball
1-1: Ball
2-1: Ball
3-1: Foul Ball, location: 2F
3-2: Strikes out looking
Top of the 3rd over - 0 run(s), 0 hit(s), 0 error(s), 1 left on base; Spokane 0 - Houston 0
BOTTOM OF THE 3RD
Houston Hammertime batting - Pitching for Spokane Trappers : RHP Jae-hyun Ch'oe
Batting: LHB José Villegas 0-0: Swinging Strike
0-1: Ball
1-1: Foul Ball, location: 2F
1-2: Ball
2-2: Foul Ball, location: 2F
2-2: SINGLE (Groundball, 56D)
Batting: RHB Domingo Matos 0-0: Ball
1-0: Ball
2-0: SINGLE (Groundball, 56D)
José Villegas to second
Batting: LHB Bartolo Villanueva 0-0: Called Strike
0-1: DOUBLE (Flyball, 78M)
José Villegas scores
Domingo Matos to third
Batting: RHB Pepe González 0-0: Swinging Strike
0-1: Ball
1-1: Foul Ball, location: 2F
1-2: Fly out, F8 (Flyball, 8LD)
Runner from 3rd tags up, SCORES, no throw
Batting: SHB Cristo Ontiveros 0-0: Ball
1-0: Swinging Strike
1-1: Ball
2-1: Foul Ball, location: 2F
2-2: Ball
3-2: Base on Balls
Batting: RHB Mario Beltrán 0-0: Ball
1-0: Ball
2-0: Ball
3-0: Base on Balls
Bartolo Villanueva to third
Cristo Ontiveros to second
Batting: LHB Juan Cabañas 0-0: Ball
1-0: Ball
2-0: Called Strike
2-1: Ball
3-1: Base on Balls
Bartolo Villanueva scores
Cristo Ontiveros to third
Mario Beltrán to second
Batting: RHB Richard Coker 0-0: Ball
1-0: Ball
2-0: DOUBLE (Line Drive, 9LM)
Cristo Ontiveros scores
Mario Beltrán scores
Juan Cabañas to third
Batting: RHB Rafael Torres 0-0: Called Strike
0-1: Ball
1-1: Ground out 1-3 (Groundball, 34S)
Batting: LHB José Villegas 0-0: Fly out, F8 (Flyball, 8RM)
Bottom of the 3rd over - 5 run(s), 4 hit(s), 0 error(s), 2 left on base; Spokane 0 - Houston 5
TOP OF THE 4TH
Spokane Trappers batting - Pitching for Houston Hammertime : RHP Kevin Bader
Batting: RHB Chris Parker 0-0: Called Strike
0-1: Foul Ball, location: 2F
0-2: Ball
1-2: SOLO HOME RUN (Flyball, 78XD), Distance : 375 ft
Batting: RHB Keith Kirkpatrick 0-0: Called Strike
0-1: Called Strike
0-2: Foul Ball, location: 2F
0-2: Foul Ball, location: 2F
0-2: Ball
1-2: Foul Ball, location: 2F
1-2: Fly out, F9 (Flyball, 89XD)
Batting: LHB Jesús Ramírez 0-0: Fly out, F7 (Flyball, 7S)
Batting: RHB Jeremy Carr 0-0: Called Strike
0-1: Called Strike
0-2: Strikes out looking
Top of the 4th over - 1 run(s), 1 hit(s), 0 error(s), 0 left on base; Spokane 1 - Houston 5
BOTTOM OF THE 4TH
Houston Hammertime batting - Pitching for Spokane Trappers : RHP Jae-hyun Ch'oe
Batting: RHB Domingo Matos 0-0: Called Strike
0-1: Ball
1-1: Foul Ball, location: 2F
1-2: Ball
2-2: Foul Ball, location: 2F
2-2: Ground out 5-3 (Groundball, 5)
Batting: LHB Bartolo Villanueva 0-0: Foul Ball, location: 2F
0-1: Foul Ball, location: 2F
0-2: Ball
1-2: SINGLE (Flyball, 8LS)
Batting: RHB Pepe González 0-0: Ball
1-0: Called Strike
1-1: Foul Ball, location: 2F
1-2: Ball
2-2: Ball
3-2: Fly out, F3 (Popup, 3SF)
Batting: SHB Cristo Ontiveros 0-0: Foul Ball, location: 2F
0-1: Ground out 1-3 (Groundball, 23)
Bottom of the 4th over - 0 run(s), 1 hit(s), 0 error(s), 1 left on base; Spokane 1 - Houston 5
TOP OF THE 5TH
Spokane Trappers batting - Pitching for Houston Hammertime : RHP Kevin Bader
Batting: RHB Pedro Rodríguez 0-0: Foul Ball, location: 2F
0-1: Ball
1-1: Swinging Strike
1-2: Ball
2-2: Foul Ball, location: 2F
2-2: Strikes out swinging
Batting: RHB Tomás Carranza 0-0: Called Strike
0-1: Called Strike
0-2: Ball
1-2: Foul Ball, location: 2F
1-2: Strikes out swinging
Batting: SHB Nick Cox 0-0: Ball
1-0: Ball
2-0: Ball
3-0: Swinging Strike
3-1: Ground out 4-3 (Groundball, 4)
Top of the 5th over - 0 run(s), 0 hit(s), 0 error(s), 0 left on base; Spokane 1 - Houston 5
BOTTOM OF THE 5TH
Houston Hammertime batting - Pitching for Spokane Trappers : RHP Jae-hyun Ch'oe
Batting: RHB Mario Beltrán 0-0: Ball
1-0: Called Strike
1-1: Ground out 4-3 (Groundball, 4)
Batting: LHB Juan Cabañas 0-0: Swinging Strike
0-1: Ball
1-1: Ball
2-1: Foul Ball, location: 2F
2-2: Strikes out swinging
Batting: RHB Richard Coker 0-0: Ball
1-0: SINGLE (Flyball, 4MD)
Batting: RHB Rafael Torres 0-0: Foul Ball, location: 2F
0-1: Foul Ball, location: 2F
0-2: Fly out, F3 (Popup, 3F)
Bottom of the 5th over - 0 run(s), 1 hit(s), 0 error(s), 1 left on base; Spokane 1 - Houston 5
TOP OF THE 6TH
Spokane Trappers batting - Pitching for Houston Hammertime : RHP Kevin Bader
Pitching: RHP Andrés Rivera
Batting: LHB Héctor Rentería 0-0: Ball
1-0: Foul Ball, location: 2F
1-1: Swinging Strike
1-2: Foul Ball, location: 2F
1-2: Ball
2-2: Ball
3-2: Strikes out swinging
Batting: RHB Ramiro Ross 0-0: Called Strike
0-1: Ball
1-1: Ball
2-1: Ball
3-1: Base on Balls
Batting: RHB Chris Parker 0-0: Ball
1-0: Fielders Choice at 2nd, 3-6 (Groundball, 3)
Batting: RHB Keith Kirkpatrick 0-0: Fielders Choice at 2nd, 5-4 (Groundball, 56)
Top of the 6th over - 0 run(s), 0 hit(s), 0 error(s), 0 left on base; Spokane 1 - Houston 5
BOTTOM OF THE 6TH
Houston Hammertime batting - Pitching for Spokane Trappers : RHP Jae-hyun Ch'oe
Batting: LHB José Villegas 0-0: Called Strike
0-1: Ground out 3-1 (Groundball, 34S)
Batting: RHB Domingo Matos 0-0: Called Strike
0-1: Foul Ball, location: 2F
0-2: Ball
1-2: Foul Ball, location: 2F
1-2: Ball
2-2: Ball
3-2: Strikes out swinging
Batting: LHB Bartolo Villanueva 0-0: Called Strike
0-1: Ball
1-1: SINGLE (Groundball, 34D)
Pitching: RHP Ching-wei Zi
Batting: RHB Pepe González 0-0: Called Strike
0-1: Ball
1-1: DOUBLE (Groundball, 5L)
Bartolo Villanueva to third
Batting: SHB Cristo Ontiveros 0-0: Called Strike
0-1: Ball
1-1: Ball
2-1: Ground out 3-1 (Groundball, 34)
Bottom of the 6th over - 0 run(s), 2 hit(s), 0 error(s), 2 left on base; Spokane 1 - Houston 5
TOP OF THE 7TH
Spokane Trappers batting - Pitching for Houston Hammertime : RHP Andrés Rivera
Batting: LHB Jesús Ramírez 0-0: Foul Ball, location: 2F
0-1: Ball
1-1: Ball
2-1: Ground out 4-3 (Groundball, 4)
Batting: RHB Jeremy Carr 0-0: Ball
1-0: Ball
2-0: TRIPLE (Line Drive, 8LM)
Batting: RHB Pedro Rodríguez 0-0: Fly out, F4 (Line Drive, 4)
Batting: RHB Tomás Carranza 0-0: Ball
1-0: Called Strike
1-1: Ground out 4-3 (Groundball, 4M)
Top of the 7th over - 0 run(s), 1 hit(s), 0 error(s), 1 left on base; Spokane 1 - Houston 5
BOTTOM OF THE 7TH
Houston Hammertime batting - Pitching for Spokane Trappers : RHP Ching-wei Zi
Batting: RHB Mario Beltrán 0-0: Ball
1-0: DOUBLE (Groundball, 5L)
Batting: LHB Juan Cabañas 0-0: Intentional Walk
Batting: RHB Richard Coker 0-0: Ball
1-0: Ball
2-0: Ball
3-0: Base on Balls
Mario Beltrán to third
Juan Cabañas to second
Batting: RHB Rafael Torres 0-0: Ball
1-0: Ball
2-0: Ball
3-0: Called Strike
3-1: Foul Ball, location: 2F
3-2: Grounds into double play, 5-4-3 (Groundball, 5)
Mario Beltrán scores
Juan Cabañas to third
Batting: LHB José Villegas 0-0: Called Strike
0-1: Foul Ball, location: 2F
0-2: Foul Ball, location: 2F
0-2: Ball
1-2: Foul Ball, location: 2F
1-2: DOUBLE (Groundball, 3L)
Juan Cabañas scores
Batting: RHB Domingo Matos 0-0: Foul Ball, location: 2F
0-1: Ball
1-1: Ball
2-1: Swinging Strike
2-2: Foul Ball, location: 2F
2-2: Foul Ball, location: 2F
2-2: Strikes out swinging
Bottom of the 7th over - 2 run(s), 2 hit(s), 0 error(s), 1 left on base; Spokane 1 - Houston 7
TOP OF THE 8TH
Spokane Trappers batting - Pitching for Houston Hammertime : RHP Andrés Rivera
Pitching: RHP Robert Powers
Now in RF: Enrique Valentín
Batting: SHB Nick Cox 0-0: Foul Ball, location: 2F
0-1: Ball
1-1: Foul Ball, location: 2F
1-2: Ball
2-2: Strikes out swinging
Batting: LHB Héctor Rentería 0-0: Ball
1-0: SINGLE (Groundball, 34D)
Batting: RHB Ramiro Ross 0-0: Called Strike
0-1: Swinging Strike
0-2: Strikes out swinging
Batting: RHB Chris Parker 0-0: Foul Ball, location: 2F
0-1: DOUBLE (Flyball, 78XD)
Héctor Rentería to third
Batting: RHB Keith Kirkpatrick 0-0: Swinging Strike
0-1: Foul Ball, location: 2F
0-2: Foul Ball, location: 2F
0-2: Ball
1-2: Ball
2-2: Ball
3-2: Strikes out swinging
Top of the 8th over - 0 run(s), 2 hit(s), 0 error(s), 2 left on base; Spokane 1 - Houston 7
BOTTOM OF THE 8TH
Houston Hammertime batting - Pitching for Spokane Trappers : RHP Ching-wei Zi
Batting: LHB Bartolo Villanueva 0-0: Ball
1-0: SINGLE (Line Drive, 9LS)
Batting: RHB Pepe González 0-0: Grounds into double play, 6-4-3 (Groundball, 6)
Batting: SHB Cristo Ontiveros 0-0: SINGLE (Line Drive, 4M)
Batting: RHB Mario Beltrán 0-0: Ball
1-0: Ball
2-0: Ball
3-0: Base on Balls
Cristo Ontiveros to second
Batting: LHB Juan Cabañas 0-0: Ball
1-0: Ball
2-0: Ball
3-0: Called Strike
3-1: Base on Balls
Cristo Ontiveros to third
Mario Beltrán to second
Batting: RHB Richard Coker 0-0: Ball
1-0: Ball
2-0: Called Strike
2-1: Foul Ball, location: 2F
2-2: Ball
3-2: Ground out 4-3 (Groundball, 4)
Bottom of the 8th over - 0 run(s), 2 hit(s), 0 error(s), 3 left on base; Spokane 1 - Houston 7
TOP OF THE 9TH
Spokane Trappers batting - Pitching for Houston Hammertime : RHP Robert Powers
Now in LF: Dan Mason
Now in CF: Pedro Meza
Batting: LHB Jesús Ramírez 0-0: Called Strike
0-1: Ball
1-1: Ball
2-1: DOUBLE (Groundball, 3L)
Batting: RHB Jeremy Carr 0-0: Called Strike
0-1: Ball
1-1: Fly out, F8 (Flyball, 8LS)
Batting: RHB Pedro Rodríguez 0-0: Called Strike
0-1: Ball
1-1: Called Strike
1-2: Foul Ball, location: 2F
1-2: Strikes out looking
Batting: RHB Tomás Carranza 0-0: Called Strike
0-1: Ball
1-1: Ball
2-1: Ball
3-1: Called Strike
3-2: SINGLE (Line Drive, 8LS)
Jesús Ramírez to third
Jesús Ramírez scores
Batting: SHB Nick Cox 0-0: Called Strike
0-1: Ball
1-1: Ball
2-1: Ground out 4-3 (Groundball, 4)
Top of the 9th over - 1 run(s), 2 hit(s), 0 error(s), 1 left on base; Spokane 2 - Houston 7
Monday, December 5th, 2016 - OOTP Baseball 17.12 Build 75